 Dungeon Crawl Stone Soup version 0.28.0-43-g3370ac3207 (webtiles) character file.

Game seed: 1327608662201401777

210 RascalDebosk the Conjurer (level 5, 0/38 HPs)
             Began as a Draconian Conjurer on Mar 24, 2022.
             Slain by an orc priest
             ... wielding a +0 club
              (3 damage)
             ... on level 2 of the Dungeon.
             The game lasted 00:42:03 (4447 turns).

RascalDebosk the Conjurer (Draconian Conjurer)      Turns: 4447, Time: 00:42:04

Health: 0/38       AC:  5    Str: 10    XL:     5   Next: 56%
Magic:  1/9        EV: 12    Int: 20    God:
Gold:   116        SH:  0    Dex:  9    Spells: 0/10 levels left

rFire   . . .      SeeInvis .   b - +0 dagger
rCold   . . .      Faith    .   (no shield)
rNeg    . . .      Spirit   .   (armour unavailable)
rPois   .          Reflect  .   (helmet restricted)
rElec   .          Harm     .   (no cloak)
rCorr   .          Rampage  .   (no gloves)
Will    .....      Rnd*Tele +   (no boots)
Stlth   ++........              (no amulet)
HPRegen 0.12/turn               (no ring)
MPRegen 0.11/turn               (no ring)

@: no status effects
A: AC +5, unfitting armour, cold-blooded, teleportitis 1
a: no special abilities


You were on level 2 of the Dungeon.
You visited 1 branch of the dungeon, and saw 3 of its levels.

You collected 116 gold pieces.

Inventory:

Hand Weapons
 b - a +0 dagger (weapon)
Missiles
 a - 70 stones
 h - 5 boomerangs
 i - 3 poisoned darts
Scrolls
 d - a scroll of identify {unknown}
 f - 2 scrolls of magic mapping {unknown}
 g - a scroll of enchant weapon {unknown}
 j - a scroll of amnesia {unknown}
 m - a scroll of enchant armour {unknown}
Potions
 k - a potion of lignification {unknown}
 l - 2 potions of might {unknown}


   Skills:
 + Level 3.0 Dodging
 - Level 2.1 Stealth
 + Level 3.1 Spellcasting
 + Level 4.9 Conjurations
 + Level 1.9 Hexes


You couldn't memorise any spells.
You knew the following spells:

 Your Spells              Type           Power      Damage    Failure   Level
a - Magic Dart            Conj           88%        1d7       1%          1
b - Searing Ray           Conj           44%        2d6       2%          2
c - Dazzling Flash        Conj/Hex       34%        N/A       10%         3
d - Fulminant Prism       Conj/Hex       8%         3d7       32%         4

Your spell library contained the following spells:

 Spells                   Type           Power      Damage    Failure   Level
 Sting                    Tmut/Pois      12%        1d3       14%         1
 Poisonous Vapours        Pois/Air       6%         N/A       22%         2
 Iskenderun's Mystic Bla  Conj/Tloc      13%        2d5       45%         4
 Cause Fear               Hex            5%         N/A       52%         4
 Olgreb's Toxic Radiance  Pois           3%         N/A       80%         4
 Dragon Form              Tmut           1%         N/A       100%        7
 Dragon's Call            Summ           1%         N/A       100%        9


Dungeon Overview and Level Annotations

Branches:
Dungeon (3/15)

Altars:


Innate Abilities, Weirdness & Mutations

Your plain brown scales are hard. (AC +5)
You cannot fit into any form of body armour.
You are cold-blooded and may be slowed by cold attacks.
You are occasionally teleported next to monsters.


Message History

The orc hits you but does no damage.
The orc priest miscasts a cantrip.
The searing ray hits the orc priest.
The orc priest is severely wounded.
The bat hits you but does no damage.
The orc priest begins to cast a cantrip, but forgets the words!
The orc hits you but does no damage. The orc priest barely misses you.
Unknown command.
Casting: Searing Ray (safe; 3% risk of failure)
Confirm with . or Enter, or press ? or * to list all spells.
Restarting spell: Searing Ray (safe; 3% risk of failure)
Press: ? - help, Shift-Dir - straight line, f/p - orc priest
Aim: an orc priest, wielding a +0 club (severely wounded, 78% to hit)
The searing ray misses the orc priest. (Press . to maintain the ray.)
The orc completely misses you.
The orc priest hits you but does no damage.
The bat hits you.
* * * LOW HITPOINT WARNING * * *
The searing ray hits the orc priest!
You kill the orc priest!
The bat hits you but does no damage. The orc misses you.
Your Dodging skill increases to level 3!
The orc priest barely misses you. The orc closely misses you.
You climb upwards.
There is a stone staircase leading down here.
You hit the orc priest but do no damage.
Your punch misses the orc priest. The orc priest hits you with a +0 club.
* * * LOW HITPOINT WARNING * * *
The orc hits you but does no damage.
You hit the orc priest but do no damage.
The orc priest invokes the aid of Beogh against you.
Pain shoots through your body!
* * * LOW HITPOINT WARNING * * *
The orc closely misses you.
You closely miss the orc priest. The orc priest hits you with a +0 club.
* * * LOW HITPOINT WARNING * * *
The orc closely misses you.
You closely miss the orc priest. The orc priest hits you with a +0 club.
You die...

#...# ♣.♣.# ##### ♣.♣.# ##
#...## ♣.♣.# .# #.♣..♣
♣.♣.# .# #.♣.♣♣♣ ♣.♣.#
.#####....P♣## ♣.♣.#
.......♣.....####♣.♣.######
.#####.♣♣P♣♣.##o@♣.♣......#
.....##.####.##o#♣.♣.#.##.#
.##.<.................#.#.#
###..##.###............##.#
###..##.###[###.#.##...##.#
..........>.....#.##...##.#
.##..##...........##......#
###..######.########^...###
###..######.# #.........#


You could see an orc priest and an orc.

Vanquished Creatures
  An orc priest (D:3)
  8 adders
  A worm (D:2)
  2 dart slugs (D:3)
  8 orcs
  8 ball pythons
  4 endoplasms
  4 giant cockroaches
  10 goblins
  6 hobgoblins
  5 jackals
  8 kobolds
  3 quokkas
  11 bats
  4 frilled lizards
  5 rats
88 creatures vanquished.

Vanquished Creatures (others)
  2 fulminant prisms (D:3)
  A plant (D:2)
3 creatures vanquished.

Grand Total: 91 creatures vanquished

Notes
Turn   | Place    | Note
-------+----------+-------------------------------------------
     0 | D:1      | RascalDebosk the Draconian Conjurer began the quest for the
                  | Orb.
     0 | D:1      | Reached XP level 1. HP: 14/14 MP: 3/3
   273 | D:1      | Reached XP level 2. HP: 19/20 MP: 0/5
   576 | D:1      | Learned a level 2 spell: Searing Ray
  1023 | D:1      | Reached XP level 3. HP: 26/26 MP: 4/6
  1901 | D:2      | Reached skill level 1 in Hexes
  2057 | D:2      | Reached XP level 4. HP: 33/33 MP: 0/7
  2475 | D:2      | Found a faded altar of an unknown god.
  3327 | D:3      | Gained mutation: You are occasionally teleported next to
                  | monsters. [potion of mutation]
  3335 | D:3      | Reached XP level 5. HP: 3/38 MP: 0/9
  4002 | D:3      | Learned a level 3 spell: Dazzling Flash
  4007 | D:3      | Learned a level 4 spell: Fulminant Prism
  4447 | D:2      | Slain by an orc priest

Illustrated notes

Levels and vault maps discovered:
D:1:      lightli_molten_gateway, layout_loops_ring, minmay_distorted
D:2:      layout_loops_ring, serial_forest, infiniplex_forest_clump_medium,
          infiniplex_forest_straight_3, infiniplex_forest_clump_medium,
          infiniplex_forest_straight_4, infiniplex_forest_corner_1,
          ebering_ecumenical_altar_abandoned, corexii_item_surrounded_by_moat,
          serial_bayou_pond_e, minmay_octomino_c4
D:3:      minmay_diamond_boxcup, layout_loops_ring, minmay_shallow_snake_nest

Skill      XL: |  1  2  3  4  5 |
---------------+----------------+-----
Stealth        | 2 |  2.1
Dodging        | 2 3 |  3.0
Hexes          | 1 |  1.9
Spellcasting   | 3 |  3.1
Conjurations   | |  4.9

Action                   |  1- 3 |  4- 6 || total
-------------------------+-------+-------++-------
Melee: Unarmed           |     8 |       ||     8
       Tailslap          |     7 |     1 ||     8
       Dagger            |    28 |    29 ||    57
       Punch             |     1 |       ||     1
 Cast: Magic Dart        |    82 |    83 ||   165
       Searing Ray       |     2 |     6 ||     8
       Fulminant Prism   |       |     2 ||     2
  Use: Potion            |       |     3 ||     3
Armor: Skin              |    19 |    28 ||    47
Dodge: Dodged            |    34 |    54 ||    88
